 Dungeon Crawl Stone Soup version 0.22-a0-525-gf69a0803ab (webtiles) character file.

151 Deemzul the Skirmisher (level 5, -2/43 HPs)
             Began as a Formicid Fighter on June 21, 2018.
             Killed from afar by an orc wizard (4 damage)
             ... with a puff of flame
             ... on level 4 of the Dungeon.
             The game lasted 00:01:49 (1531 turns).

Deemzul the Skirmisher (Formicid Fighter)           Turns: 1531, Time: 00:01:50

Health: -2/43      AC:  7    Str: 21    XL:     5   Next: 60%
Magic:  14/14      EV:  8    Int:  8    God:
Gold:   91         SH:  9    Dex: 12    Spells: 4/4 levels left

rFire    . . .     SeeInvis +   a - +0 long sword
rCold    . . .     Gourm    .   c - +0 shield
rNeg     . . .     Faith    .   b - +0 scale mail
rPois    .         Spirit   .   (helmet unavailable)
rElec    .         Reflect  .   (no cloak)
rCorr    .         Harm     .   (no gloves)
MR       .....                  (no boots)
Stlth    ..........             h - amulet of magic regeneration
HPRegen  0.14/turn              g - ring of magical power
MPRegen  0.39/turn              l - +2 ring of dexterity

@: flying
A: permanent stasis, dig shafts and tunnels, four strong arms, antennae 3
a: Dig, Shaft Self


You were on level 4 of the Dungeon.
You were hungry.

You visited 1 branch of the dungeon, and saw 4 of its levels.

You collected 91 gold pieces.

Inventory:

Hand Weapons
 a - a +0 long sword (weapon)
Armour
 b - a +0 scale mail (worn)
 c - a +0 shield (worn)
Jewellery
 g - a ring of magical power (left hand)
 h - an amulet of magic regeneration (around neck)
 l - a +2 ring of dexterity (right hand)
Scrolls
 i - a scroll of noise {unknown}
 j - 4 scrolls of teleportation {unknown}
 k - a scroll of random uselessness {unknown}
 n - a scroll of remove curse {unknown}
 o - a scroll of amnesia {unknown}
 r - a scroll of blinking {unknown}
Potions
 d - a potion of might
 m - a potion of heal wounds {unknown}
 q - a potion of brilliance {unknown}
Comestibles
 f - 4 rations
 p - a chunk of flesh


   Skills:
 * Level 4.5 Fighting
 * Level 3.4 Long Blades
 + Level 4.0 Armour
 + Level 4.3 Shields


You had 4 spell levels left.
You didn't know any spells.
Your spell library was empty.

Dungeon Overview and Level Annotations

Branches:
Dungeon (4/15)
 Temple: D:4-7

Altars:


Innate Abilities, Weirdness & Mutations

You cannot be hasted, slowed, berserked, paralysed or teleported.
You can dig through walls and to a lower floor.
Your four strong arms can wield two-handed weapons with a shield.
You have a pair of large antennae on your head. (SInv)


Message History

Beogh smites you!
* * * LOW HITPOINT WARNING * * *
The orc wizard gestures at you while chanting.
The magic dart hits you!
* * * LOW HITPOINT WARNING * * *
There is an escape hatch in the floor here.
You block the orc wizard's attack.
You slide downwards.
The hatch slams shut behind you.
Found a rapier.
You hit the orc wizard.
The orc wizard is lightly wounded.
The orc wizard hits you with a dagger.
* * * LOW HITPOINT WARNING * * *
Unknown command.
It was a potion of flight.
You feel very buoyant.
You fly up into the air.
The orc wizard casts a spell at you. The puff of flame hits you!
You die...

#....
#....####
...)...####
#.........#
#.........#
#.......#
#...o...#
#.@...#
##...##
.......
.########
#. #


You could see an orc wizard.

Vanquished Creatures
  A worker ant (D:2)
  5 adders
  An ooze (D:2)
  3 worms (D:2)
  A dart slug (D:1)
  A leopard gecko (D:3)
  4 orcs
  3 giant cockroaches
  11 goblins
  12 hobgoblins
  2 quokkas
  6 bats
  4 frilled lizards
  4 kobolds (D:2)
  5 rats
63 creatures vanquished.

Notes
Turn   | Place    | Note
-------+----------+-------------------------------------------
     0 | D:1      | Deemzul the Formicid Fighter began the quest for the Orb.
     0 | D:1      | Reached XP level 1. HP: 18/18 MP: 1/1
   165 | D:1      | Reached XP level 2. HP: 24/24 MP: 2/2
   349 | D:1      | Reached XP level 3. HP: 30/30 MP: 3/3
   540 | D:2      | Reached XP level 4. HP: 18/37 MP: 4/4
  1140 | D:2      | Reached XP level 5. HP: 41/43 MP: 5/5
  1530 | D:4      | HP: 2/43 [orc wizard/dagger (3)]
  1531 | D:4      | Killed from afar by an orc wizard

Vault maps used:
D:1:      minmay_arrival_loop, corner_web_ring
D:2:      guppyfry_early_orc_mine
D:3:      first_ration
D:4:      kennysheep_spiral_hall, lemuel_doored_altar, uniq_blork_the_orc,
          uniq_menkaure, uniq_edmund

Skill      XL: |  1  2  3  4  5 |
---------------+----------------+-----
Shields        | 4 |  4.3
Fighting       | 4 |  4.5
Long Blades    | 3 |  3.4
Armour         | 4 |  4.0

Action                   |  1- 3 |  4- 6 || total
-------------------------+-------+-------++-------
Melee: Long sword        |    90 |   108 ||   198
  Use: Potion            |       |     1 ||     1
  Eat: Chunk             |       |     2 ||     2
Armor: Scale mail        |    35 |    25 ||    60
Dodge: Dodged            |    30 |    45 ||    75
Block: Shield            |    47 |    52 ||    99
       Rpst.: Long sword |     4 |    17 ||    21

Table legend:
 A = Spawn XP
 B = Non-spawn XP
 C = Spawn XP percentage of total XP
 D = Spawn monster count
 E = Non-spawn monster count
 F = Spawn count percentage of total count
 G = Total turns spent on level
                    A         B        C        D         E        F      G
               +---------+---------+-------+---------+---------+-------+---------
         Total |       0 |     217 |   0.0 |       0 |      63 |   0.0 |  1531
               +---------+---------+-------+---------+---------+-------+---------
           D:1 |       0 |      30 |   0.0 |       0 |      18 |   0.0 |   452
           D:2 |       0 |     141 |   0.0 |       0 |      34 |   0.0 |   911
           D:3 |       0 |      46 |   0.0 |       0 |      11 |   0.0 |   166
               +---------+---------+-------+---------+---------+-------+---------
